 Dungeon Crawl Stone Soup version 0.25.1-2-g60ff931df9 (webtiles) character file.

Game seed: 8616985665064273967

62078 DearestLeader the Severer (level 14, -20/110 HPs)
             Began as a Demonspawn Gladiator on Oct 22, 2020.
             Was the Champion of Okawaru.
             Killed from afar by Azrael (37 damage)
             ... with damnation
             ... on level 2 of the Orcish Mines.
             The game lasted 00:53:04 (30863 turns).

DearestLeader the Severer (Demonspawn Gladiator)   Turns: 30863, Time: 00:53:04

Health: -20/110    AC: 23    Str: 25    XL:     14   Next: 63%
Magic:  21/21      EV: 17    Int:  9    God:    Okawaru [******]
Gold:   1517       SH:  5    Dex: 19    Spells: 13/13 levels left

rFire    . . .     SeeInvis +   K - +4 war axe (freeze)
rCold    . . .     Gourm    .   (no shield)
rNeg     . . .     Faith    .   A - quicksilver dragon scales
rPois    .         Spirit   .   (helmet unavailable)
rElec    .         Reflect  +   Z - scarf {repulsion}
rCorr    +         Harm     .   D - +2 pair of gloves {Dex+3}
MR       ++...                  F - +2 pair of boots {run}
Stlth    +++.......             C - amulet of reflection
HPRegen  0.28/turn              r - +6 ring of strength
MPRegen  0.17/turn              U - ring of resist corrosion

@: about to teleport, repel missiles, quick
A: antennae 3, slimy green scales 2, nightstalker 2, spiny 1, augmentation 1
a: Heroism, Finesse, Renounce Religion


You were on level 2 of the Orcish Mines.
You worshipped Okawaru.
Okawaru was exalted by your worship.
You were not hungry.

You visited 4 branches of the dungeon, and saw 22 of its levels.
You also visited: Ice Cave.

You collected 1817 gold pieces.
You spent 300 gold pieces at shops.

Inventory:

Hand Weapons
 G - the +7 pair of quick blades "Gyre" and "Gimble" {protect}
   (Okawaru gifted it to you on level 6 of the Lair of Beasts)

   It grants its wielder temporary protection when it strikes (+7 to AC).
 K - a +4 war axe of freezing (weapon)
 L - a +0 battleaxe of draining
Missiles
 d - 7 throwing nets
 x - 27 poisoned darts (quivered)
Armour
 A - quicksilver dragon scales (worn)
 D - a +2 pair of gloves of dexterity (worn)
 F - a +2 pair of boots of running (worn)
 Z - a scarf of repulsion (worn)
Jewellery
 r - a +6 ring of strength (left hand)
 C - an amulet of reflection (around neck)
 U - a ring of resist corrosion (right hand)
Wands
 y - a wand of digging (3)
 J - a wand of iceblast (9)
 O - a wand of random effects (51)
 P - a wand of acid (4)
 S - a wand of disintegration (13)
 W - a wand of paralysis (15)
Scrolls
 a - a scroll of vulnerability {unknown}
 c - 3 scrolls of magic mapping
 e - 4 scrolls of enchant weapon
 g - 2 scrolls of enchant armour {unknown}
 h - 5 scrolls of fog
 i - 10 scrolls of remove curse
 j - 2 scrolls of blinking {unknown}
 k - 11 scrolls of teleportation
 l - 3 scrolls of immolation
 m - a scroll of identify
 n - 2 scrolls of random uselessness {unknown}
 o - 3 scrolls of fear {unknown}
 z - a scroll of summoning {unknown}
 I - 2 scrolls of noise {unknown}
 R - a scroll of acquirement {unknown}
 Y - 3 scrolls of torment
Potions
 b - 3 potions of might
 p - 5 potions of curing
 q - 2 potions of mutation
 t - 7 potions of flight
 u - a potion of magic {unknown}
 v - 2 potions of haste {unknown}
 w - 2 potions of stabbing {unknown}
 B - a potion of degeneration {unknown}
 E - a potion of invisibility {unknown}
 H - 2 potions of ambrosia
 M - a potion of berserk rage {unknown}
 Q - 2 potions of lignification
 T - a potion of cancellation {unknown}
Miscellaneous
 N - a lightning rod (4/4)
Comestibles
 f - 32 rations
 s - 10 chunks of flesh


   Skills:
 + Level 10.0 Fighting
 * Level 15.8 Axes
 - Level 1.7 Throwing
 + Level 11.5 Armour
 + Level 7.8 Dodging
 - Level 10.3 Invocations


You had 13 spell levels left.
You didn't know any spells.
Your spell library contained the following spells:

 Spells                   Type           Power        Failure   Level  Hunger
 Corona                   Hex            #......      50%         1    ##.....
 Shock                    Conj/Air       #...         50%         1    ##.....
 Ensorcelled Hibernation  Hex/Ice        #.....       63%         2    ###....
 Sublimation of Blood     Necr           #.........   63%         2    ###....
 Swiftness                Chrm/Air       #.......     63%         2    ###....
 Confusing Touch          Hex            #.......     86%         3    ####...
 Dazzling Flash           Conj/Hex       #.....       86%         3    ####...
 Static Discharge         Conj/Air       #.......     86%         3    ####...
 Stone Arrow              Conj/Erth      #.....       86%         3    ####...
 Tukima's Dance           Hex            #.......     86%         3    ####...
 Airstrike                Air            #.........   99%         4    #####..
 Animate Dead             Necr           N/A          99%         4    #####..
 Dispel Undead            Necr           #.......     99%         4    #####..
 Excruciating Wounds      Chrm/Necr      #.........   100%        5    ######.
 Lightning Bolt           Conj/Air       #.........   100%        5    ######.


Dungeon Overview and Level Annotations

Branches:
Dungeon (13/15)            Temple (1/1) D:7            Lair (6/6) D:8
  Swamp (0/4) Lair:2       Spider (0/4) Lair:3        Slime (0/5) Lair:6
    Orc (2/2) D:10         Vaults (0/5) D:13          IceCv (visited)
    Elf: Orc:2

Altars:
Ashenzari
Fedhas
Gozag
Hepliaklqana
Kikubaaqudgha
Makhleb
Okawaru
Qazlal
Ru
Sif Muna
Trog
Wu Jian

Shops:
D:7 *   D:8 [   D:9 =

Annotations:
D:4 1 runed translucent door, patan's ghost, amateur TrBe
Lair:2 exclusion: 2 oklob plants
Lair:5 exclusion: oklob plant
Orc:2 2 runed translucent doors, Azrael; patan's ghost, journeyman TrBe


Innate Abilities, Weirdness & Mutations

You have a pair of large antennae on your head. (SInv)
You are mostly covered in slimy green scales. (AC +3)
You are significantly more attuned to the shadows.
You are partially covered in sharp spines.
Your magical and physical power is slightly enhanced at high health.


Message History

The damnation engulfs Azrael.
Azrael completely resists.
Okay, then.
Okay, then.
You feel much better. Azrael gestures at you.
The sphere of damnation explodes!
The damnation engulfs you!
* * * LOW HITPOINT WARNING * * *
The damnation engulfs Azrael.
Azrael completely resists.
As you read the scroll of teleportation, it crumbles to dust.
You feel strangely unstable.
Azrael hits you with a +4 scimitar of flaming!
* * * LOW HITPOINT WARNING * * *
Azrael burns you.
* * * LOW HITPOINT WARNING * * *
As you read the scroll of fog, it crumbles to dust.
The scroll dissolves into smoke.
Azrael says, "We're having tasty Demonspawn kabobs tonight!"
Azrael gestures at you.
The sphere of damnation explodes!
The damnation engulfs you!!!
You die...

#..# ....
....# $..§.☼
...§§#####
...§§§§#.##
..§§§R§§..##
#..§§§§§...##
##.§§@§§....##
###§........#
#.........##
.###........##
.........#.##
.......#.###
.......####
.........#
##......##


You could see Azrael.

Vanquished Creatures
  6 dire elephants (Lair:6)
  A vault guard (D:13)
  Harold (Lair:1)
  A hydra (Lair:4)
  Erica (D:9)
  5 two-headed ogres
  An anaconda (Lair:6)
  A tengu warrior (D:10)
  An orc high priest (Orc:1)
  Sonja (Lair:5)
  3 unseen horrors
  An orc knight (Orc:2)
  A wolf spider zombie (D:13)
  A necromancer (IceCv)
  3 orc sorcerers
  An ugly thing (D:13)
  2 ice statues (IceCv)
  12 elephants
  A cyclops (D:11)
  3 black mambas
  Maurice (D:10)
  A torpor snail (Lair:6)
  11 spiny frogs
  A gargoyle (D:10)
  4 komodo dragons
  A rime drake (Lair:6)
  5 trolls
  6 ice devils (IceCv)
  A troll (shapeshifter) (D:12)
  3 meliai (D:13)
  A polar bear (Lair:4)
  13 blink frogs
  A queen bee (D:13)
  Grinder (D:3)
  12 dream sheep (Lair:6)
  14 hippogriffs
  A vampire (D:13)
  4 wyverns
  2 wraiths (D:11)
  47 yaks
  A basilisk (Lair:3)
  5 fire elementals (Orc:2)
  Eustachio (D:5)
  A steam dragon (D:8)
  Grum (D:10)
  A hungry ghost (D:10)
  2 wargs (Orc:1)
  2 hell hounds (Orc:2)
  12 water moccasins
  8 porcupines
  6 orc warriors
  9 ice beasts
  2 sky beasts
  2 phantoms
  3 black bears
  6 ogres
  9 wolves
  11 centaurs
  10 crocodiles
  A big kobold (D:7)
  2 wyvern zombies
  A gnoll sergeant (D:9)
  7 bullfrogs
  6 scorpions
  A wyvern skeleton (D:11)
  2 troll zombies (D:10)
  20 killer bees
  8 wights
  3 howler monkeys
  5 electric eels
  4 crimson imps
  A quasit (D:6)
  2 draconian simulacra (IceCv)
  4 human zombies (D:11)
  2 bullfrog zombies
  2 gnoll shamans (D:8)
  6 hounds
  13 jellies
  A centaur skeleton (D:6)
  10 orc priests
  3 bullfrog skeletons
  5 iguanas
  A human skeleton (D:11)
  9 orc wizards
  2 troll simulacra (IceCv)
  11 worker ants
  2 spriggan simulacra (IceCv)
  2 centaur simulacra (IceCv)
  6 ogre zombies (D:10)
  A hound zombie (D:11)
  2 hound skeletons
  A howler monkey zombie (D:8)
  17 gnolls
  An ogre simulacrum (IceCv)
  8 adders
  A naga simulacrum (IceCv)
  A river rat (D:5)
  2 shadow imps
  15 oozes
  2 worms (D:2)
  4 leopard geckos
  48 orcs
  2 giant cockroaches (D:3)
  2 goblins
  7 hobgoblins
  A jackal (D:8)
  7 quokkas
  3 ball pythons
  5 bats
  3 frilled lizards (D:2)
  A goblin skeleton (D:10)
  2 hobgoblin zombies (D:10)
  5 kobolds
  A leopard gecko skeleton (D:4)
  2 leopard gecko zombies
  6 orc skeletons
  18 orc zombies
  6 rats
  A butterfly (Lair:1)
  4 fungi
  7 plants
597 creatures vanquished.

Vanquished Creatures (others)
  2 wights (D:8)
  30 fungi
  15 plants
  2 withered plants (D:4)
49 creatures vanquished.

Grand Total: 646 creatures vanquished

Notes
Turn   | Place    | Note
-------+----------+-------------------------------------------
     0 | D:1      | DearestLeader the Demonspawn Gladiator began the quest for
                  | the Orb.
     0 | D:1      | Reached XP level 1. HP: 16/16 MP: 1/1
   556 | D:1      | Reached skill level 3 in Axes
   678 | D:1      | Gained mutation: You are partially covered in slimy green
                  | scales. (AC +2) [demonic ancestry]
   678 | D:1      | Reached XP level 2. HP: 22/22 MP: 2/2
  1448 | D:2      | Reached XP level 3. HP: 27/27 MP: 3/3
  2010 | D:3      | Reached skill level 1 in Armour
  2174 | D:3      | Found an opulent altar of Gozag.
  2398 | D:3      | Noticed Grinder
  2457 | D:4      | Found a runed translucent door.
  2461 | D:4      | Noticed patan's ghost (amateur TrBe)
  2523 | D:4      | Reached skill level 4 in Axes
  2523 | D:4      | Gained mutation: You are mostly covered in slimy green
                  | scales. (AC +3) [demonic ancestry]
  2523 | D:4      | Reached XP level 4. HP: 13/33 MP: 4/4
  3037 | D:4      | Gained mutation: You have a pair of small antennae on your
                  | head. [demonic ancestry]
  3037 | D:4      | Reached XP level 5. HP: 14/38 MP: 5/5
  3490 | D:4      | Reached skill level 5 in Axes
  3617 | D:5      | Entered Level 5 of the Dungeon
  3636 | D:5      | Reached XP level 6. HP: 25/44 MP: 6/6
  4250 | D:5      | Reached skill level 6 in Axes
  4254 | D:5      | Found a burning altar of Makhleb.
  4416 | D:5      | Noticed Eustachio
  4743 | D:3      | Paralysed by Grinder for 2 turns
  4746 | D:3      | Killed Grinder
  4746 | D:3      | Gained mutation: You are slightly more attuned to the
                  | shadows. [demonic ancestry]
  4746 | D:3      | Reached XP level 7. HP: 39/50 MP: 7/7
  5168 | D:5      | Killed Eustachio
  5382 | D:6      | Reached skill level 7 in Axes
  5425 | D:6      | Reached XP level 8. HP: 36/56 MP: 8/8
  5764 | D:6      | Reached skill level 8 in Axes
  6282 | D:7      | Reached skill level 5 in Armour
  6343 | D:7      | Found Ruacack's General Store.
  6374 | D:7      | Found a staircase to the Ecumenical Temple.
  6382 | Temple   | Entered the Ecumenical Temple
  6406 | Temple   | Became a worshipper of Warmaster Okawaru
  6829 | D:7      | HP: 2/56 [orc warrior/+0 glaive (7)]
  7174 | D:7      | Noticed a hippogriff
  7186 | D:7      | Killed a hippogriff
  7186 | D:7      | Reached * piety under Okawaru
  7186 | D:7      | Reached skill level 9 in Axes
  7432 | D:7      | Gained mutation: You are significantly more attuned to the
                  | shadows. [demonic ancestry]
  7432 | D:7      | Reached XP level 9. HP: 46/61 MP: 9/9
  7680 | D:8      | Found Zyqaplips's Antique Armour Boutique.
  7685 | D:8      | Bought a pair of embroidered gloves for 150 gold pieces
  7685 | D:8      | Bought a pair of embroidered boots for 150 gold pieces
  7705 | D:8      | Identified a +2 pair of boots of running (You bought it in
                  | a shop on level 8 of the Dungeon)
  7873 | D:8      | Identified the cursed +0 ring mail of Muwniut {Int+3}
  8249 | D:8      | Found an ornate altar of the Wu Jian Council.
  8255 | D:8      | Found a bloodstained altar of Trog.
  8457 | D:8      | Reached skill level 1 in Invocations
  8647 | D:8      | Reached ** piety under Okawaru
  8659 | D:8      | Reached skill level 10 in Axes
  8670 | D:8      | Found a staircase to the Lair.
  9689 | D:9      | Found Asashipn's Jewellery Emporium.
  9792 | D:9      | Noticed Erica
  9823 | D:9      | Killed Erica
  9823 | D:9      | Reached *** piety under Okawaru
  9823 | D:9      | Reached skill level 11 in Axes
  9823 | D:9      | Reached skill level 5 in Invocations
  9823 | D:9      | Reached XP level 10. HP: 23/67 MP: 13/13
 10632 | D:10     | Entered Level 10 of the Dungeon
 10667 | D:10     | Noticed a tengu warrior
 10667 | D:10     | Noticed Grum
 10701 | D:10     | Killed a tengu warrior
 10701 | D:10     | Reached **** piety under Okawaru
 10708 | D:10     | Killed Grum
 11027 | Lair:1   | Entered Level 1 of the Lair of Beasts
 11300 | Lair:1   | Noticed Harold
 11357 | Lair:1   | Killed Harold
 11903 | Lair:1   | Gained mutation: You are partially covered in sharp spines.
                  | [demonic ancestry]
 11903 | Lair:1   | Reached XP level 11. HP: 72/77 MP: 16/16
 12354 | Lair:2   | Noticed an oklob plant
 12354 | Lair:2   | Noticed an oklob plant
 12390 | Lair:2   | Found an opulent altar of Gozag.
 12446 | Lair:2   | Reached ***** piety under Okawaru
 12446 | Lair:2   | Reached skill level 12 in Axes
 12825 | Lair:2   | Found a staircase to the Swamp.
 13889 | Lair:3   | You fall into a shaft and drop 2 floors!
 13891 | Lair:5   | Noticed Sonja
 13912 | Lair:5   | Noticed an oklob plant
 14163 | Lair:4   | Received a gift from Okawaru
 14163 | Lair:4   | Reached skill level 5 in Fighting
 14893 | Lair:3   | Found a hole to the Spider Nest.
 14978 | Lair:3   | Received a gift from Okawaru
 15614 | Lair:3   | Noticed a four-headed hydra
 15632 | Lair:3   | HP: 4/81 [14-headed hydra (10)]
 16266 | Lair:4   | Noticed a four-headed hydra
 16608 | Lair:3   | You fall into a shaft and drop 2 floors!
 16670 | Lair:4   | Reached skill level 13 in Axes
 17190 | D:10     | Gained mutation: You have a pair of antennae on your head.
                  | [demonic ancestry]
 17190 | D:10     | Reached XP level 12. HP: 88/88 MP: 18/18
 17387 | D:10     | Found a staircase to the Orcish Mines.
 18180 | D:10     | Noticed Maurice
 18196 | D:10     | Killed Maurice
 18732 | D:11     | Noticed a two-headed ogre
 18744 | D:11     | Killed a two-headed ogre
 18992 | D:11     | Found a frozen archway.
 19061 | IceCv    | Entered an ice cave
 19810 | IceCv    | Reached skill level 10 in Invocations
 20740 | IceCv    | Received a gift from Okawaru
 20748 | IceCv    | Got a polished long sword
 20997 | D:11     | Found an ancient bone altar of Kikubaaqudgha.
 21043 | D:11     | Identified the cursed +3 long sword of Diet Blood {vorpal,
                  | rPois Str+2 Dex+2 Stlth+} (You found it in an ice cave)
 21916 | D:11     | Noticed a two-headed ogre
 21929 | D:11     | Killed a two-headed ogre
 21929 | D:11     | Reached skill level 10 in Armour
 21929 | D:11     | Reached skill level 5 in Dodging
 21970 | D:11     | Reached skill level 14 in Axes
 21973 | D:11     | Gained mutation: You have a pair of large antennae on your
                  | head. (SInv) [demonic ancestry]
 21973 | D:11     | Reached XP level 13. HP: 83/96 MP: 20/20
 22494 | D:12     | Reached ****** piety under Okawaru
 23474 | D:13     | Found a gate to the Vaults.
 23720 | D:13     | Received a gift from Okawaru
 25083 | Lair:4   | You fall into a shaft and drop 1 floor!
 25106 | Lair:5   | Identified the Catalogue of Dusty Sinister Rituals
 25937 | Lair:5   | Killed Sonja
 26910 | Lair:6   | Entered Level 6 of the Lair of Beasts
 26980 | Lair:6   | Reached skill level 15 in Axes
 27194 | Lair:6   | Found a staircase to the Slime Pits.
 27244 | Lair:6   | Received a gift from Okawaru
 27244 | Lair:6   | Gained mutation: Your magical and physical power is
                  | slightly enhanced at high health. [demonic ancestry]
 27244 | Lair:6   | Reached XP level 14. HP: 84/108 MP: 21/21
 27245 | Lair:6   | Found the +7 pair of quick blades "Gyre" and "Gimble"
                  | {protect}
 29143 | Lair:6   | Received a gift from Okawaru
 29169 | Lair:6   | Got a fine plate armour {god gift}
 29179 | Lair:6   | Identified the +0 plate armour of the Archfiend {rN+}
                  | (Okawaru gifted it to you on level 6 of the Lair of Beasts)
 29969 | Orc:1    | Entered Level 1 of the Orcish Mines
 30642 | Orc:2    | Entered Level 2 of the Orcish Mines
 30674 | Orc:2    | Found a large runed translucent door.
 30674 | Orc:2    | Found a large runed translucent door.
 30705 | Orc:2    | Noticed patan's ghost (journeyman TrBe)
 30844 | Orc:2    | Reached skill level 10 in Fighting
 30846 | Orc:2    | Noticed Azrael
 30863 | Orc:2    | Killed from afar by Azrael

Illustrated notes

Levels and vault maps discovered:
D:1:      matt_arrival_los_fun, layout_loops_ring, minmay_hedge_maze,
          st_stairs_1, dk_noncrumbling_4, minmay_misc_feat_alley
D:2:      layout_loops_ring
D:3:      layout_basic, nicolae_gozag_cash_rules_everything_around_me,
          uniq_grinder
D:4:      layout_loops_cross, gammafunk_ghost_grave,
          hangedman_decor_clover_reticule
D:5:      layout_basic, first_ration, portal_sewer_entry_a,
          makhleb_heckhound_becter, uniq_eustachio
D:6:      layout_loops_ring
D:7:      layout_gridville, minmay_temple_entry_poolview, serial_shops, shop
D:8:      layout_cave_pools, grunt_temple_overflow_open, erik_lair_dragon,
          serial_shops, kennysheep_little_box, serial_gnoll_camp,
          gnoll_camp_mini_hut, gnoll_camp_mini_basic, gnoll_camp_mini_loothouse,
          gnoll_camp_mini_hut
D:9:      layout_irregular_city, serial_shops, shop, uniq_erica
D:10:     layout_stronghold, zombieorc2_lemuel, grunt_tengu_nest, uniq_grum,
          uniq_maurice
D:11:     minmay_clustersquares, layout_loops_corners,
          portal_ice_cave_entry_ice_beasts, lemuel_mausoleum_altar_kikubaaqudgha
D:12:     layout_basic
D:13:     layout_rooms, david_vaults_5, minivault_7
Temple:   regret_index_temple_chain_breaker
Lair:1:   layout_gridlike, serial_bayou_shore_b, infiniplex_staircase_pool_2,
          grunt_megastairs_3, lemuel_fruit_tree, lemuel_fruit_fields,
          uniq_harold
Lair:2:   layout_big_grid, swamp_mist_pool, serial_rivers,
          chequers_serial_rivers_room_a, chequers_serial_rivers_marsh,
          chequers_serial_rivers_room_a, chequers_serial_rivers_large_a,
          basic_altar, minmay_lair_oklob_chamber
Lair:3:   layout_layer_cave, dummy_spider_entry, minmay_stone_trees_small,
          lemuel_fruit_fields, serial_bayou_shore_b
Lair:4:   layout_regular_city, serial_bayou_lagoon_b, infiniplex_staircase_pool,
          serial_bayou_shore_a
Lair:5:   lemuel_slime, layout_hall_layers, uniq_sonja
Lair:6:   due_jungle_book, layout_loops_ring, minmay_slime_entry_jelly_boxes,
          serial_bayou_shore_b
Orc:1:    layout_caves
Orc:2:    st_orc_mages, layout_diamond_mine, ebering_ghost_disaster_area,
          uniq_azrael

Skill      XL: |  1  2  3  4  5  6  7  8  9 10 11 12 13 14 |
---------------+-------------------------------------------+-----
Axes           | 3 4 5 6 7 9 11 13 14 15 | 15.8
Dodging        | 3 5 6 7 |  7.8
Armour         | 1 2 3 4 5 7 8 9 10 11 | 11.5
Invocations    | 5 7 9 10 | 10.3
Fighting       | 4 6 7 9 10 | 10.0
Throwing       | |  1.7

Action                   |  1- 3 |  4- 6 |  7- 9 | 10-12 | 13-15 || total
-------------------------+-------+-------+-------+-------+-------++-------
Melee: War axe           |   113 |   131 |   158 |    81 |   562 ||  1045
       Hand axe          |       |       |   263 |   947 |       ||  1210
       Punch             |       |       |       |     1 |       ||     1
       Battleaxe         |       |       |       |    41 |       ||    41
Throw: Dart              |       |       |     8 |    20 |     3 ||    31
Invok: Finesse           |       |       |       |     3 |       ||     3
       Heroism           |       |       |       |     2 |       ||     2
Evoke: Wand              |       |       |     1 |     8 |     5 ||    14
       Lightning rod     |       |       |       |     1 |     4 ||     5
  Use: Scroll            |     2 |     1 |     4 |     6 |     5 ||    18
       Potion            |       |       |     3 |     4 |     4 ||    11
 Stab: Sleeping          |       |       |     3 |    29 |     9 ||    41
       Distracted        |       |       |     1 |     3 |     3 ||     7
  Eat: Chunk             |     5 |     7 |     9 |    24 |    13 ||    58
       Ration            |       |       |     2 |     4 |     4 ||    10
Armor: Leather armour    |     7 |       |       |       |       ||     7
       Chain mail        |    49 |    11 |       |       |       ||    60
       Ring mail         |     2 |       |       |       |       ||     2
       Plate armour      |       |    71 |    22 |       |       ||    93
       Quicksilver drago |       |       |   192 |   399 |   184 ||   775
       Skin              |       |       |       |     1 |       ||     1
Dodge: Dodged            |    57 |    77 |   261 |   417 |   304 ||  1116
       Repelled          |       |       |       |       |     1 ||     1
Block: Other             |       |       |    27 |   171 |   113 ||   311
       Reflection        |       |       |       |     5 |     2 ||     7
